 Dungeon Crawl Stone Soup version 0.28.0 (webtiles) character file.

Game seed: 12624802935861439262

37864 funkygono the Thaumaturge (level 13, -7/64 HPs)
             Began as a Gargoyle Fire Elementalist on Feb 15, 2022.
             Was an Elder of Vehumet.
             Mangled by a +5 long sword (11 damage)
             ... on level 13 of the Dungeon.
             The game lasted 00:37:19 (18075 turns).

funkygono the Thaumaturge (GrFE)                   Turns: 18075, Time: 00:37:19

Health: -7/64      AC: 30    Str: 13    XL:     13   Next: 99%
Magic:  1/29       EV: 12    Int: 20    God:    Vehumet [****..]
Gold:   1007       SH:  0    Dex: 10    Spells: 6/37 levels left

rFire   + . .      SeeInvis .   L - +8 morningstar
rCold   x . .      Faith    .   (no shield)
rNeg    + . .      Spirit   .   i - +1 acid dragon scales
rPois   ∞          Reflect  .   r - +2 helmet
rElec   +          Harm     .   j - +2 cloak
rCorr   +          Rampage  .   o - +2 pair of gloves
Will    .....                   (no boots)
Stlth   +.........              E - amulet of magic regeneration
HPRegen 0.20/turn               S - +4 ring of protection
MPRegen 0.61/turn               k - ring of fire

@: no status effects
A: sickness immunity, AC +9, negative energy resistance 1, electricity
resistance, torment resistance 1, petrification resistance
a: Renounce Religion


You were on level 13 of the Dungeon.
You worshipped Vehumet.
Vehumet was greatly pleased with you.
You visited 2 branches of the dungeon, and saw 14 of its levels.
You also visited: Bailey.

You collected 1007 gold pieces.

Inventory:

Hand Weapons
 y - a +2 whip of electrocution
 L - a +8 morningstar (weapon)
Armour
 a - a +0 robe
 i - +1 acid dragon scales (worn)
 j - a +2 cloak (worn)
 o - a +2 pair of gloves (worn)
 r - a +2 helmet (worn)
 H - a +0 troll leather armour
Magical Staves
 v - a staff of conjuration
Jewellery
 k - a ring of fire (right hand)
 p - a ring of magical power
 u - a +6 ring of intelligence
 z - a ring of positive energy
 D - a ring of protection from cold
 E - an amulet of magic regeneration (around neck)
 S - a +4 ring of protection (left hand)
Wands
 c - a wand of iceblast (2)
 g - a wand of polymorph (3)
 s - a wand of acid (3)
 w - a wand of charming (9)
 A - a wand of flame (6)
 B - a wand of paralysis (4)
Scrolls
 f - a scroll of amnesia
 l - a scroll of acquirement {unknown}
 n - a scroll of summoning
 x - 5 scrolls of teleportation
 N - 3 scrolls of fear
 U - a scroll of magic mapping
Potions
 b - a potion of resistance
 d - a potion of cancellation
 e - a potion of heal wounds
 h - 2 potions of attraction
 m - 5 potions of curing
 q - 2 potions of haste
 t - 3 potions of flight
 F - 3 potions of might
 I - 2 potions of mutation
 J - a potion of berserk rage
 K - a potion of brilliance
 P - a potion of magic


   Skills:
 + Level 1.1 Fighting
 + Level 2.2 Armour
 + Level 3.8 Dodging
 - Level 2.1 Stealth
 * Level 12.6 Spellcasting
 * Level 12.3 Conjurations
 * Level 12.0 Fire Magic
 + Level 3.0 Air Magic
 * Level 9.5 Earth Magic
 + Level 1.9 Poison Magic


You had 6 spell levels left.
You knew the following spells:

 Your Spells              Type           Power      Damage    Failure   Level
a - Foxfire               Conj/Fire      100%       2x1d9     1%          1
b - Scorch                Fire           100%       2d10      1%          2
c - Conjure Flame         Conj/Fire      75%        6-21      1%          3
d - Inner Flame           Hex/Fire       53%        N/A       1%          3
e - Flame Wave            Conj/Fire      75%        2d13      1%          4
f - Stone Arrow           Conj/Erth      100%       3d13      1%          3
g - Static Discharge      Conj/Air       43%        N/A       1%          2
h - Ignite Poison         Fire/Tmut/Pois 46%        N/A       1%          3
i - Starburst             Conj/Fire      37%        6d11      2%          6
j - Airstrike             Air            12%        N/A       6%          4

Your spell library contained the following spells:

 Spells                   Type           Power      Damage    Failure   Level
 Dazzling Flash           Conj/Hex       74%        N/A       1%          3
 Iskenderun's Mystic Bla  Conj/Tloc      37%        2d9       1%          4
 Animate Armour           Summ/Erth      62%        N/A       11%         4
 Lehudib's Crystal Spear  Conj/Erth      27%        10d7      78%         8


Dungeon Overview and Level Annotations

Branches:
Dungeon (13/15)            Temple (1/1) D:4            Lair (0/6) D:10
    Orc (0/2) D:10         Vaults (0/5) D:13         Bailey (visited)

Altars:
Ashenzari
Cheibriados
Dithmenos
Elyvilon
Fedhas
Gozag
Hepliaklqana
Kikubaaqudgha
Makhleb
Nemelex Xobeh
Okawaru
Qazlal
Ru
Sif Muna
Trog
Uskayaw
Vehumet
Wu Jian
Xom
Yredelemnul
Zin
The Shining One
Beogh
Jiyva

Shops:
D:6 *


Innate Abilities, Weirdness & Mutations

You are immune to sickness and miasma.
Your stone body is resilient. (AC +9)
You are immune to poison.
You resist negative energy. (rN+)
You are resistant to electric shocks. (rElec)
You are resistant to unholy torment.
You are immune to petrification.


Message History

The foxfire hits the +5 long sword but does no damage.
The +5 long sword is severely damaged.
The +5 long sword hits you but does no damage.
Casting: Foxfire (safe; 1% risk of failure)
Confirm with . or Enter, or press ? or * to list all spells.
You feel a surge of power!
You conjure some foxfire!
The foxfire hits the +5 long sword.
The +5 long sword resists.
The +5 long sword is severely damaged.
The foxfire hits the +5 long sword but does no damage.
The +5 long sword is severely damaged.
The +5 long sword hits you but does no damage.
The +5 long sword completely misses you.
Casting: Foxfire (safe; 1% risk of failure)
Confirm with . or Enter, or press ? or * to list all spells.
You feel a surge of power!
You conjure some foxfire!
The foxfire hits the +5 long sword.
The +5 long sword resists.
The +5 long sword is severely damaged.
The foxfire hits the +5 long sword but does no damage.
The +5 long sword is severely damaged.
The +5 long sword hits you but does no damage.
Casting: Foxfire (safe; 1% risk of failure)
Confirm with . or Enter, or press ? or * to list all spells.
You feel a surge of power!
You conjure some foxfire!
The foxfire hits the +5 long sword but does no damage.
The +5 long sword is severely damaged.
The foxfire hits the +5 long sword but does no damage.
The +5 long sword is severely damaged.
The +5 long sword hits you!
* * * LOW HITPOINT WARNING * * *
The +5 long sword closely misses you.
Casting: Foxfire (safe; 1% risk of failure)
Confirm with . or Enter, or press ? or * to list all spells.
You don't have enough magic to cast this spell.
Unknown command.
The foxfire hits the +5 long sword but does no damage.
The +5 long sword is heavily damaged.
The foxfire hits the +5 long sword but does no damage.
The +5 long sword is heavily damaged.
The +5 long sword hits you!
You die...

##...................#
.....####............####..
!....# #..................
##...####..................
#..................#######
#............).....#
##.........)..).§...#
................§...#######
...............(@..........
...........................
...........................
..........<........########
.......).)[..###...#
....#####....# #...# ....#
#.)..# #...# ....# #....#
#...# #....###...##.#.


You could see a +5 long sword.

Vanquished Creatures
  An orc warlord (Bailey)
  2 hydras (D:12)
  3 boulder beetles
  A death knight (D:12)
  A dancing weapon (D:13)
  2 centaur warriors (D:13)
  A tengu warrior (D:12)
  3 two-headed ogres
  A deep elf pyromancer (D:12)
  A cyclops (D:11)
  A komodo dragon (D:10)
  An unseen horror (D:11)
  Psyche (D:11)
  9 kobold demonologists
  5 trolls
  A hornet (D:10)
  10 slime creatures
  A centaur simulacrum (D:11)
  A meliai zombie (D:11)
  A vampire (D:10)
  9 yaks
  A wyvern (D:10)
  2 wraiths
  Grum (D:8)
  2 vampire mosquitoes (D:12)
  2 acid dragons (D:12)
  4 water moccasins
  2 sky beasts (D:6)
  An ice beast (D:7)
  24 orc warriors
  2 black bears
  4 wolves (D:8)
  7 ogres
  A necrophage (D:6)
  5 centaurs
  A phantom (D:7)
  8 kobold brigands
  Blork the orc (D:9)
  2 bullfrogs (D:10)
  A gnoll sergeant (D:9)
  5 scorpions
  3 water moccasin zombies (D:5)
  A water moccasin skeleton (D:6)
  9 wights (D:9)
  4 howler monkeys
  A bullfrog skeleton (D:5)
  6 centaur zombies
  6 jellies
  5 orc priests
  6 gnoll shamans
  3 hounds
  Ijyb (D:5)
  4 iguanas
  9 orc wizards
  A killer bee zombie (D:5)
  A hound skeleton (D:4)
  3 howler monkey zombies
  Robin (D:2)
  7 adders
  17 gnolls
  A howler monkey skeleton (D:5)
  A shadow imp (D:7)
  2 white imps
  A dart slug (D:2)
  38 orcs
  3 endoplasms
  3 giant cockroaches
  23 goblins
  26 hobgoblins
  3 jackals (D:2)
  25 kobolds
  5 quokkas
  4 ball pythons
  5 bats
  A frilled lizard (D:3)
  A rat (D:1)
362 creatures vanquished.

Vanquished Creatures (collateral kills)
  A foxfire (D:10)
1 creature vanquished.

Vanquished Creatures (others)
  Maurice (D:11)
  1159 foxfires
  66 fungi
  55 plants
1281 creatures vanquished.

Grand Total: 1644 creatures vanquished

Notes
Turn   | Place    | Note
-------+----------+-------------------------------------------
     0 | D:1      | funkygono the Gargoyle Fire Elementalist began the quest
                  | for the Orb.
     0 | D:1      | Reached XP level 1. HP: 10/10 MP: 3/3
   158 | D:1      | Found a faded altar of an unknown god.
   398 | D:1      | Reached XP level 2. HP: 15/15 MP: 1/5
   401 | D:1      | Learned a level 2 spell: Scorch
  1132 | D:2      | Reached XP level 3. HP: 19/19 MP: 4/6
  1136 | D:2      | Learned a level 3 spell: Conjure Flame
  1166 | D:2      | Found a hazy altar of Hepliaklqana.
  1399 | D:2      | Reached XP level 4. HP: 24/24 MP: 3/8
  1686 | D:2      | Noticed Robin
  1691 | D:2      | Killed Robin
  2409 | D:3      | Found a shadowy altar of Dithmenos.
  2814 | D:3      | Reached XP level 5. HP: 28/28 MP: 4/9
  3232 | D:3      | Learned a level 3 spell: Inner Flame
  3579 | D:4      | Reached XP level 6. HP: 30/32 MP: 1/11
  3674 | D:4      | Found a staircase to the Ecumenical Temple.
  3694 | Temple   | Entered the Ecumenical Temple
  3709 | Temple   | Became a worshipper of Vehumet
  3945 | D:4      | Noticed an orc warrior
  4375 | D:5      | Entered Level 5 of the Dungeon
  4384 | D:5      | Reached skill level 5 in Fire Magic
  4413 | D:5      | Reached XP level 7. HP: 36/36 MP: 2/13
  4670 | D:5      | Noticed Ijyb
  4676 | D:5      | Killed Ijyb
  4682 | D:5      | Reached skill level 5 in Spellcasting
  4762 | D:5      | Learned a level 4 spell: Flame Wave
  4766 | D:5      | Learned a level 3 spell: Stone Arrow
  4858 | D:5      | Reached skill level 1 in Earth Magic
  4858 | D:5      | Reached XP level 8. HP: 41/41 MP: 16/16
  5702 | D:6      | Found Nisuing's Fire Supplies.
  5919 | D:6      | Reached * piety under Vehumet
  5919 | D:6      | Offered knowledge of Freeze by Vehumet.
  6251 | D:6      | Reached XP level 9. HP: 45/45 MP: 18/18
  6450 | D:6      | Reached skill level 5 in Conjurations
  8232 | D:7      | Identified the +1 scale mail of Woppor {rC++ Will+}
  8398 | D:7      | Offered knowledge of Static Discharge by Vehumet.
  8401 | D:7      | Reached ** piety under Vehumet
  8405 | D:7      | Learned a level 2 spell: Static Discharge
  8784 | D:8      | Noticed Grum
  8798 | D:8      | Killed Grum
  9132 | D:8      | Reached XP level 10. HP: 50/50 MP: 19/21
  9175 | D:8      | Offered knowledge of Frozen Ramparts by Vehumet.
  9395 | D:8      | Found a shimmering blue altar of Sif Muna.
  9522 | D:8      | Reached *** piety under Vehumet
 10010 | D:9      | Reached skill level 5 in Earth Magic
 10090 | D:9      | Noticed a kobold demonologist
 10090 | D:9      | Noticed a kobold demonologist
 10090 | D:9      | Noticed a kobold demonologist
 10092 | D:9      | Noticed a smoke demon
 10093 | D:9      | Offered knowledge of Dazzling Flash by Vehumet.
 10094 | D:9      | Killed a kobold demonologist
 10095 | D:9      | Killed a kobold demonologist
 10098 | D:9      | Killed a kobold demonologist
 10244 | D:9      | Found a white marble altar of Elyvilon.
 10414 | D:9      | Found a flagged portal.
 10432 | D:9      | Reached XP level 11. HP: 55/55 MP: 19/24
 10437 | D:9      | Reached skill level 10 in Fire Magic
 10474 | Bailey   | Entered a bailey
 10791 | Bailey   | Reached **** piety under Vehumet
 10821 | Bailey   | Offered knowledge of Ignite Poison by Vehumet.
 10919 | Bailey   | Noticed an orc warlord
 10939 | Bailey   | Killed an orc warlord
 11630 | D:9      | Noticed Blork the orc
 11635 | D:9      | Killed Blork the orc
 12176 | D:9      | Learned a level 3 spell: Ignite Poison
 12183 | D:9      | Learned a level 6 spell: Starburst
 12211 | D:10     | Entered Level 10 of the Dungeon
 12240 | D:10     | Noticed a boulder beetle
 12250 | D:10     | Killed a boulder beetle
 12251 | D:10     | Reached skill level 10 in Spellcasting
 12560 | D:10     | Found a bloodstained altar of Trog.
 12563 | D:10     | Found an opulent altar of Gozag.
 12566 | D:10     | Found a sparkling altar of Nemelex Xobeh.
 12569 | D:10     | Found a burning altar of Makhleb.
 12926 | D:10     | Reached skill level 10 in Conjurations
 12940 | D:10     | Found a staircase to the Lair.
 12964 | D:10     | Noticed a two-headed ogre
 12969 | D:10     | Killed a two-headed ogre
 12969 | D:10     | Reached ***** piety under Vehumet
 12969 | D:10     | Offered knowledge of Airstrike by Vehumet.
 13098 | D:10     | Found a staircase to the Orcish Mines.
 13317 | D:10     | Reached XP level 12. HP: 58/60 MP: 15/26
 13496 | D:10     | Learned a level 4 spell: Airstrike
 13640 | D:10     | Reached skill level 1 in Poison Magic
 13640 | D:10     | Reached XP level 13. HP: 64/64 MP: 26/28
 13660 | D:11     | Noticed Maurice
 13666 | D:11     | Killed Maurice
 13691 | D:11     | Found a viscous altar of Jiyva.
 14314 | D:11     | Noticed Psyche
 14394 | D:11     | Killed Psyche
 14395 | D:11     | Reached skill level 1 in Armour
 15048 | D:12     | Reached skill level 1 in Fighting
 18030 | D:13     | Found a gate to the Vaults.
 18075 | D:13     | Mangled by a +5 long sword

Illustrated notes

Levels and vault maps discovered:
D:1:      dpeg_arrival_fog, layout_basic, hellmonk_ecumenical_altar_run_dry
D:2:      layout_rooms, basic_altar, eino_tiny_chamber, kennysheep_minor_cross,
          uniq_robin
D:3:      layout_loops_cross, mainiacjoe_overflow_surrounded_room
D:4:      layout_cave_pods, minmay_temple_entry_statues_pillars,
          lightli_corner_chamber
D:5:      layout_rooms, kennysheep_generic_room_2, uniq_ijyb
D:6:      layout_layer_cave, nicolae_shop_fire_sale [nicolae_sub_dead_trees]
D:7:      layout_loops_ring, serial_co_window_serial, co_window_paths_b,
          co_window_paths_a, co_window_paths_b, co_window_paths_b,
          co_window_corner_a, co_window_paths_b, co_window_of_opportunity_b,
          co_window_2corner, co_window_2corner, co_window_4corner_a,
          glass_columns_a, minmay_misc_feat_enclosed
D:8:      layout_cave_pods, lemuel_doored_altar, uniq_grum
D:9:      layout_irregular_city, mainiacjoe_overflow_24_doors, enter_bailey_2,
          nicolae_benzene_ring, sword_in_stone
D:10:     layout_basic, grunt_temple_overflow_cloverleaf,
          due_lair_maze_entry_diamond, minmay_orc_entry_temple_small,
          nzn_sisyphean_effort
D:11:     layout_roguey, jiyva_altar_1, uniq_maurice, uniq_psyche
D:12:     layout_gridville
D:13:     kennysheep_seaside_town, layout_small_grid, erik_vaults_1,
          minmay_diamond_spiral
Temple:   eino_wide_crystal_templ

Skill      XL: |  1  2  3  4  5  6  7  8  9 10 11 12 13 |
---------------+----------------------------------------+-----
Fire Magic     | 4 5 6 7 9 10 11 12 | 12.0
Spellcasting   | 3 4 5 6 7 9 10 11 12 | 12.6
Conjurations   | 2 3 4 6 8 10 12 | 12.3
Earth Magic    | 1 3 4 5 7 8 9 |  9.5
Dodging        | 2 3 |  3.8
Air Magic      | 2 3 |  3.0
Poison Magic   | 1 |  1.9
Armour         | 2 |  2.2
Fighting       | 1 |  1.1
Stealth        | |  2.1

Action                   |  1- 3 |  4- 6 |  7- 9 | 10-12 | 13-15 || total
-------------------------+-------+-------+-------+-------+-------++-------
Melee: Whip              |       |     6 |       |     3 |       ||     9
       Morningstar       |       |       |       |     7 |     3 ||    10
 Cast: Foxfire           |    40 |    88 |   179 |   218 |   152 ||   677
       Scorch            |     6 |     9 |    40 |     9 |     2 ||    66
       Stone Arrow       |       |       |     6 |   106 |   141 ||   253
       Flame Wave        |       |       |     4 |    14 |     8 ||    26
       Conjure Flame     |       |       |       |     1 |     1 ||     2
       Starburst         |       |       |       |       |     4 ||     4
       Airstrike         |       |       |       |       |     3 ||     3
  Use: Scroll            |       |    17 |     7 |    10 |     3 ||    37
       Potion            |       |       |       |     1 |     2 ||     3
Armor: Robe              |     5 |    10 |    29 |    52 |       ||    96
       Acid dragon scale |       |       |       |       |    89 ||    89
       Troll leather arm |       |       |       |       |    47 ||    47
Dodge: Dodged            |     8 |     9 |    32 |    58 |    82 ||   189
